EL
READING FIGHTIN PHILS @ TENNESSEE SMOKIES
05/18/2048
 
TOP OF THE 1ST
Reading Fightin Phils batting - Pitching for Tennessee Smokies : LHP Virgílio Beyfus
Pitching: LHP Virgílio Beyfus
Batting: RHB Tony Perez 0-0: Called Strike
0-1: Foul Ball, location: 2F
0-2: Ball
1-2: Fly out, F7 (Flyball, 7, EV 96.9 MPH)
Batting: RHB Chris Myers 0-0: Foul Ball, location: 2F
0-1: Ball
1-1: Called Strike
1-2: Ball
2-2: Ball
3-2: Strikes out swinging
Batting: RHB Alan Weller 0-0: Ball
1-0: Ground out 6-3 (Groundball, 6, EV 80.0 MPH)
Top of the 1st over - 0 runs, 0 hits, 0 errors, 0 left on base; Reading 0 - Tennessee 0
BOTTOM OF THE 1ST
Tennessee Smokies batting - Pitching for Reading Fightin Phils : RHP Lida Sestak
Pitching: RHP Lida Sestak
Batting: RHB Khalil Stephens 0-0: Ball
1-0: Called Strike
1-1: Reached on error, E2 (Groundball, 15S, EV 72.5 MPH)
Batting: RHB Armando Vilano 0-0: Called Strike
0-1: Called Strike
0-2: Foul Ball, location: 2F
0-2: Fly out, F7 (Flyball, 78S, EV 91.2 MPH)
Batting: RHB Brad Santanello 0-0: Called Strike
Khalil Stephens steals 2nd, throwing error, E2
Khalil Stephens to third
0-1: Ball
1-1: Ball
2-1: Ball
3-1: Foul Ball, location: 2F
3-2: Base on Balls
Batting: LHB Angel Oropeza 0-0: Grounds out, U3 (Groundball, 3L, EV 90.6 MPH)
Khalil Stephens scores
Batting: RHB David Barnard 0-0: Ball
1-0: Called Strike
1-1: Ball
2-1: Ball
3-1: Base on Balls
Batting: RHB Ryan Walker 0-0: Swinging Strike
0-1: Called Strike
0-2: Ball
1-2: Foul Ball, location: 2F
1-2: SINGLE (Flyball, 8LS, EV 86.9 MPH)
Brad Santanello to third
David Barnard to second
Runner from 3rd tries for Home, SAFE, throw by CF to home
Batting: RHB Tim Long 0-0: Called Strike
0-1: Ball
1-1: Fielders Choice at 2nd, 6-4 (Groundball, 6, EV 89.4 MPH)
Bottom of the 1st over - 2 runs, 1 hit, 2 errors, 2 left on base; Reading 0 - Tennessee 2
TOP OF THE 2ND
Reading Fightin Phils batting - Pitching for Tennessee Smokies : LHP Virgílio Beyfus
Batting: RHB Guan-pei Gao 0-0: Called Strike
0-1: Foul Ball, location: 2F
0-2: Strikes out swinging
Batting: RHB Pablo Lopez 0-0: Called Strike
0-1: Ball
1-1: Swinging Strike
1-2: Strikes out looking
Batting: RHB Jose Corral 0-0: Swinging Strike
0-1: Foul Ball, location: 2F
0-2: Strikes out looking
Top of the 2nd over - 0 runs, 0 hits, 0 errors, 0 left on base; Reading 0 - Tennessee 2
BOTTOM OF THE 2ND
Tennessee Smokies batting - Pitching for Reading Fightin Phils : RHP Lida Sestak
Batting: RHB Jerry Blas 0-0: SINGLE (Line Drive, 4MD, EV 105.0 MPH)
Batting: RHB Alvaro Romero 0-0: Called Strike
0-1: SINGLE (Groundball, 4, EV 95.6 MPH)
Jerry Blas to second
Batting: RHB Khalil Stephens 0-0: Called Strike
0-1: Ball
1-1: Called Strike
1-2: Foul Ball, location: 2F
1-2: Ball
2-2: Foul Ball, location: 2F
2-2: Ball
3-2: DOUBLE (Flyball, 78XD, EV 106.9 MPH)
Jerry Blas scores
Alvaro Romero to third
Batting: RHB Armando Vilano 0-0: Ball
1-0: Ball
2-0: Foul Ball, location: 2F
2-1: SINGLE (Groundball, 6MD, EV 94.4 MPH)
Alvaro Romero scores
Khalil Stephens to third
Batting: RHB Brad Santanello 0-0: Ball
1-0: Ball
2-0: Ball
3-0: Base on Balls
Armando Vilano to second
Batting: LHB Angel Oropeza 0-0: Ball
1-0: SINGLE (Groundball, 34D, EV 105.0 MPH)
Khalil Stephens scores
Armando Vilano to third
Brad Santanello to second
Runner from 3rd tries for Home, SAFE, throw by RF to home
Pitching: RHP John Hughes
Batting: RHB David Barnard 0-0: Called Strike
0-1: Foul Ball, location: 2F
0-2: Foul Ball, location: 2F
0-2: Ball
1-2: SINGLE (Line Drive, 8LS, EV 96.2 MPH)
Brad Santanello to third
Angel Oropeza to second
Batting: RHB Ryan Walker 0-0: Ball
1-0: Swinging Strike
1-1: Foul Ball, location: 2F
1-2: Ball
2-2: Ball
3-2: Base on Balls
Brad Santanello scores
Angel Oropeza to third
David Barnard to second
Batting: RHB Tim Long 0-0: Ball
1-0: Ball
2-0: Ball
3-0: Swinging Strike
3-1: Foul Ball, location: 2F
3-2: Base on Balls
Angel Oropeza scores
David Barnard to third
Ryan Walker to second
Batting: RHB Jerry Blas 0-0: Ball
1-0: Foul Ball, location: 2F
1-1: Foul Ball, location: 2F
1-2: Foul Ball, location: 2F
1-2: Strikes out swinging
Batting: RHB Alvaro Romero 0-0: Ball
1-0: Ball
2-0: Called Strike
2-1: SINGLE (Groundball, 6MD, EV 96.2 MPH)
David Barnard scores
Ryan Walker to third
Tim Long to second
Batting: RHB Khalil Stephens 0-0: Ball
1-0: DOUBLE (Line Drive, 9D, EV 107.5 MPH)
Ryan Walker scores
Tim Long scores
Alvaro Romero to third
Batting: RHB Armando Vilano 0-0: Ball
1-0: Ball
2-0: Ball
3-0: Base on Balls
Batting: RHB Brad Santanello 0-0: Ball
1-0: Ball
2-0: Called Strike
2-1: Grounds into double play, 3-6-3 (Groundball, 34, EV 82.5 MPH)
Bottom of the 2nd over - 9 runs, 8 hits, 0 errors, 2 left on base; Reading 0 - Tennessee 11
TOP OF THE 3RD
Reading Fightin Phils batting - Pitching for Tennessee Smokies : LHP Virgílio Beyfus
Batting: LHB Alex Fernandez 0-0: Swinging Strike
0-1: Foul Ball, location: 2F
0-2: Strikes out swinging
Batting: LHB Doug Frampton 0-0: Ball
1-0: Ball
2-0: Ball
3-0: Called Strike
3-1: Base on Balls
Batting: RHB Prabhukumar Santhanakrishnan 0-0: Foul Ball, location: 2F
0-1: Called Strike
0-2: Foul Ball, location: 2F
0-2: Ball
1-2: Ball
2-2: Foul Ball, location: 2F
2-2: Ground out 5-3 (Groundball, 5S, EV 66.2 MPH)
Doug Frampton to second
Batting: RHB Tony Perez 0-0: Called Strike
0-1: Foul Ball, location: 2F
0-2: Ball
1-2: Foul Ball, location: 2F
1-2: Strikes out swinging
Top of the 3rd over - 0 runs, 0 hits, 0 errors, 1 left on base; Reading 0 - Tennessee 11
BOTTOM OF THE 3RD
Tennessee Smokies batting - Pitching for Reading Fightin Phils : RHP John Hughes
Batting: LHB Angel Oropeza 0-0: Swinging Strike
0-1: DOUBLE (Flyball, 89D, EV 93.1 MPH)
Batting: RHB David Barnard 0-0: Called Strike
0-1: Ground out 5-3 (Groundball, 56, EV 84.4 MPH)
Batting: RHB Ryan Walker 0-0: Ball
1-0: Ball
2-0: Ball
3-0: Called Strike
3-1: Foul Ball, location: 2F
3-2: Foul Ball, location: 2F
3-2: SINGLE (Flyball, 8LS, EV 88.1 MPH)
Angel Oropeza to third
Runner from 3rd tries for Home, SAFE, throw by CF to home
Ryan Walker to second
Batting: RHB Tim Long 0-0: Called Strike
0-1: Ball
1-1: Ball
2-1: Foul Ball, location: 2F
2-2: Foul Ball, location: 2F
2-2: Foul Ball, location: 2F
2-2: Ball
3-2: Base on Balls
Batting: RHB Jerry Blas 0-0: Called Strike
0-1: Ball
1-1: 3-RUN HOME RUN (Flyball, 7D, EV 98.8 MPH), Distance : 389 ft
Pitching: RHP Danny Zuniga
Batting: RHB Alvaro Romero 0-0: Ball
1-0: Swinging Strike
1-1: SINGLE (Line Drive, 7S, EV 106.2 MPH)
Batting: RHB Khalil Stephens 0-0: Foul Ball, location: 2F
0-1: Called Strike
0-2: Ball
1-2: Ball
2-2: Foul Ball, location: 2F
2-2: DOUBLE (Line Drive, 89D, EV 109.4 MPH)
Alvaro Romero to third
Runner from 3rd tries for Home, SAFE, throw by RF to trailing runner, SAFE at third!
Batting: RHB Armando Vilano 0-0: Ball
1-0: Called Strike
1-1: Fly out, F9 (Flyball, 89D, EV 91.2 MPH)
Runner from 3rd tags up, SCORES, no throw by RF
Batting: RHB Brad Santanello 0-0: Called Strike
0-1: Ball
1-1: Foul Ball, location: 2F
1-2: Foul Ball, location: 2F
1-2: Ball
2-2: Ball
3-2: Base on Balls
Batting: LHB Angel Oropeza 0-0: Foul Ball, location: 2F
0-1: Swinging Strike
0-2: Fly out, F8 (Flyball, 8LM, EV 79.4 MPH)
Bottom of the 3rd over - 6 runs, 5 hits, 0 errors, 1 left on base; Reading 0 - Tennessee 17
TOP OF THE 4TH
Reading Fightin Phils batting - Pitching for Tennessee Smokies : LHP Virgílio Beyfus
Batting: RHB Chris Myers 0-0: Ball
1-0: Foul Ball, location: 2F
1-1: Foul Ball, location: 2F
1-2: Foul Ball, location: 2F
1-2: Ball
2-2: Ball
3-2: Ground out 6-3 (Groundball, 6, EV 90.6 MPH)
Batting: RHB Alan Weller 0-0: Ball
1-0: Fly out, F6 (Popup, 6M, EV 78.8 MPH)
Batting: RHB Guan-pei Gao 0-0: Swinging Strike
0-1: SINGLE (Groundball, 56D, EV 111.9 MPH)
Batting: RHB Pablo Lopez 0-0: Ball
1-0: Swinging Strike
1-1: Ball
2-1: Called Strike
2-2: Strikes out swinging
Top of the 4th over - 0 runs, 1 hit, 0 errors, 1 left on base; Reading 0 - Tennessee 17
BOTTOM OF THE 4TH
Tennessee Smokies batting - Pitching for Reading Fightin Phils : RHP Danny Zuniga
Batting: RHB David Barnard 0-0: Foul Ball, location: 2F
0-1: Ball
1-1: Ball
2-1: Ball
3-1: Called Strike
3-2: SOLO HOME RUN (Flyball, 7D, EV 96.2 MPH), Distance : 379 ft
Batting: RHB Ryan Walker 0-0: Ball
1-0: Ball
2-0: Ball
3-0: Called Strike
3-1: Ground out 2-3 (Groundball, 2R, EV 68.1 MPH)
Batting: RHB Tim Long 0-0: Ball
1-0: Ball
2-0: Swinging Strike
2-1: Swinging Strike
2-2: Foul Ball, location: 2F
2-2: SOLO HOME RUN (Flyball, 7LD, EV 90.0 MPH), Distance : 347 ft
Batting: RHB Jerry Blas 0-0: Swinging Strike
0-1: Foul Ball, location: 2F
0-2: Ball
1-2: Ball
2-2: Foul Ball, location: 2F
2-2: Ball
3-2: SINGLE (Line Drive, 9LS, EV 109.4 MPH)
Pitching: RHP Jonathan Beishline
Batting: RHB Alvaro Romero 0-0: Called Strike
0-1: Swinging Strike
0-2: Ball
1-2: Foul Ball, location: 2F
1-2: Foul Ball, location: 2F
1-2: Grounds into double play, 1-6-3 (Groundball, 13S, EV 67.5 MPH)
Bottom of the 4th over - 2 runs, 3 hits, 0 errors, 0 left on base; Reading 0 - Tennessee 19
TOP OF THE 5TH
Reading Fightin Phils batting - Pitching for Tennessee Smokies : LHP Virgílio Beyfus
Batting: RHB Jose Corral 0-0: Foul Ball, location: 2F
0-1: Called Strike
0-2: Ball
1-2: Strikes out swinging
Batting: LHB Alex Fernandez 0-0: Ball
1-0: Ball
2-0: Ground out 4-3 (Groundball, 4MD, EV 89.4 MPH)
Batting: LHB Doug Frampton 0-0: Ball
1-0: Ball
2-0: Foul Ball, location: 2F
2-1: Called Strike
2-2: Ball
3-2: Strikes out swinging, 2-3 out at first.
Top of the 5th over - 0 runs, 0 hits, 0 errors, 0 left on base; Reading 0 - Tennessee 19
BOTTOM OF THE 5TH
Tennessee Smokies batting - Pitching for Reading Fightin Phils : RHP Jonathan Beishline
Batting: RHB Khalil Stephens 0-0: Ball
1-0: Called Strike
1-1: SINGLE (Groundball, 4MD, EV 95.0 MPH)
Batting: RHB Armando Vilano 0-0: Swinging Strike
0-1: Called Strike
0-2: Ground out 5-3 (Groundball, 56S, EV 71.2 MPH)
Khalil Stephens to second
Batting: RHB Brad Santanello 0-0: Ground out 6-3 (Groundball, 6, EV 88.8 MPH)
Khalil Stephens to third
Batting: LHB Angel Oropeza 0-0: Fly out, F8 (Flyball, 8RS, EV 91.2 MPH)
Bottom of the 5th over - 0 runs, 1 hit, 0 errors, 1 left on base; Reading 0 - Tennessee 19
TOP OF THE 6TH
Reading Fightin Phils batting - Pitching for Tennessee Smokies : LHP Virgílio Beyfus
Batting: RHB Prabhukumar Santhanakrishnan 0-0: Foul Ball, location: 2F
0-1: Called Strike
0-2: Ball
1-2: Ball
2-2: Strikes out swinging
Batting: RHB Tony Perez 0-0: Ball
1-0: Called Strike
1-1: Ball
2-1: Swinging Strike
2-2: Strikes out swinging
Batting: RHB Chris Myers 0-0: Called Strike
0-1: Ball
1-1: Foul Ball, location: 2F
1-2: Strikes out swinging
Top of the 6th over - 0 runs, 0 hits, 0 errors, 0 left on base; Reading 0 - Tennessee 19
BOTTOM OF THE 6TH
Tennessee Smokies batting - Pitching for Reading Fightin Phils : RHP Jonathan Beishline
Batting: RHB David Barnard 0-0: Hit by Pitch
Batting: RHB Ryan Walker 0-0: Reached on error, E5 (Groundball, 56S, EV 61.2 MPH)
David Barnard to third
Batting: RHB Tim Long 0-0: Called Strike
0-1: Foul Ball, location: 2F
0-2: Ball
1-2: Ball
2-2: Ground out 5-3 (Groundball, 56, EV 86.9 MPH)
David Barnard scores
Batting: RHB Jerry Blas 0-0: Called Strike
0-1: Ball
1-1: Ball
2-1: Called Strike
2-2: Ball
3-2: Foul Ball, location: 2F
3-2: Ground out 6-3 (Groundball, 6, EV 81.2 MPH)
Batting: RHB Alvaro Romero 0-0: Ball
1-0: Swinging Strike
1-1: Swinging Strike
1-2: Ball
2-2: Foul Ball, location: 2F
2-2: Strikes out swinging
Bottom of the 6th over - 1 run, 0 hits, 1 error, 1 left on base; Reading 0 - Tennessee 20
TOP OF THE 7TH
Reading Fightin Phils batting - Pitching for Tennessee Smokies : LHP Virgílio Beyfus
Batting: RHB Alan Weller 0-0: Foul Ball, location: 2F
0-1: Foul Ball, location: 2F
0-2: SINGLE (Line Drive, 6M, EV 99.4 MPH)
Batting: RHB Guan-pei Gao 0-0: Ball
1-0: Ball
2-0: Called Strike
2-1: Swinging Strike
2-2: Ground out 5-3 (Groundball, 56S, EV 68.8 MPH)
Alan Weller to second
Batting: RHB Pablo Lopez 0-0: Called Strike
0-1: Ball
1-1: SINGLE (Line Drive, 8RS, EV 86.9 MPH)
Alan Weller to third
Pitching: LHP Neal Brody
Batting: RHB Jose Corral 0-0: Grounds into double play, 5-4-3 (Groundball, 25, EV 85.6 MPH)
Top of the 7th over - 0 runs, 2 hits, 0 errors, 1 left on base; Reading 0 - Tennessee 20
BOTTOM OF THE 7TH
Tennessee Smokies batting - Pitching for Reading Fightin Phils : RHP Jonathan Beishline
Batting: RHB Khalil Stephens 0-0: Fly out, F8 (Line Drive, 8LM, EV 93.1 MPH)
Batting: RHB Armando Vilano 0-0: Called Strike
0-1: Ball
1-1: Ball
2-1: Ball
3-1: SINGLE (Line Drive, 56D, EV 105.0 MPH)
Batting: RHB Brad Santanello 0-0: Ball
1-0: Ball
2-0: Ball
3-0: Called Strike
3-1: Base on Balls
Armando Vilano to second
Pinch Hitting: RHB Jonathan Sotelo 0-0: Fly out, F8 (Flyball, 8RM, EV 81.2 MPH)
Batting: RHB David Barnard 0-0: Foul Ball, location: 2F
0-1: Fly out, F9 (Flyball, 89M, EV 90.0 MPH)
Bottom of the 7th over - 0 runs, 1 hit, 0 errors, 2 left on base; Reading 0 - Tennessee 20
TOP OF THE 8TH
Reading Fightin Phils batting - Pitching for Tennessee Smokies : LHP Neal Brody
Now in RF: Jonathan Sotelo
Batting: LHB Alex Fernandez 0-0: Called Strike
0-1: Ball
1-1: SINGLE (Line Drive, 89S, EV 95.0 MPH)
Batting: LHB Doug Frampton 0-0: Called Strike
0-1: Foul Ball, location: 2F
0-2: Strikes out swinging
Batting: RHB Prabhukumar Santhanakrishnan 0-0: Foul Ball, location: 2F
0-1: Ball
1-1: Foul Ball, location: 2F
1-2: Ball
2-2: Grounds into double play, 5-4-3 (Groundball, 5, EV 86.2 MPH)
Top of the 8th over - 0 runs, 1 hit, 0 errors, 0 left on base; Reading 0 - Tennessee 20
BOTTOM OF THE 8TH
Tennessee Smokies batting - Pitching for Reading Fightin Phils : RHP Jonathan Beishline
Batting: RHB Ryan Walker 0-0: Ball
1-0: Called Strike
1-1: DOUBLE (Line Drive, 89XD, EV 107.5 MPH)
Batting: RHB Tim Long 0-0: Ball
1-0: Ground out 5-3 (Groundball, 56S, EV 73.1 MPH)
Ryan Walker to third
Batting: RHB Jerry Blas 0-0: Called Strike
0-1: Ball
1-1: Ball
2-1: Foul Ball, location: 2F
2-2: Strikes out swinging
Batting: RHB Alvaro Romero 0-0: Ball
1-0: Ball
2-0: Called Strike
2-1: Called Strike
2-2: Strikes out swinging
Bottom of the 8th over - 0 runs, 1 hit, 0 errors, 1 left on base; Reading 0 - Tennessee 20
TOP OF THE 9TH
Reading Fightin Phils batting - Pitching for Tennessee Smokies : LHP Neal Brody
Batting: RHB Danny Habermehl 0-0: Ball
1-0: SINGLE (Line Drive, 9S, EV 93.8 MPH)
Batting: RHB Chris Myers 0-0: Foul Ball, location: 2F
0-1: Called Strike
0-2: Ball
1-2: Strikes out looking
Batting: RHB Alan Weller 0-0: Ball
1-0: SINGLE (Line Drive, 8RS, EV 97.5 MPH)
Danny Habermehl to second
Batting: RHB Guan-pei Gao 0-0: Ball
1-0: Ball
2-0: Ball
3-0: Base on Balls
Danny Habermehl to third
Alan Weller to second
Batting: RHB Pablo Lopez 0-0: Ground out 6-3 (Groundball, 4MS, EV 68.1 MPH)
Danny Habermehl scores
Alan Weller to third
Guan-pei Gao to second
Batting: RHB Jose Corral 0-0: Ball
1-0: Foul Ball, location: 2F
1-1: Swinging Strike
1-2: Strikes out swinging
Top of the 9th over - 1 run, 2 hits, 0 errors, 2 left on base; Reading 1 - Tennessee 20
Tuesday, March 28th , 2023 - OOTP Baseball 23.10 Build 110